← All builds
Air / Cortex / Economy first / OBSERVED BUILD

Standard air

The usual Cortex air game: Aircraft Plant just after the start, Advanced Metal Extractor around 7 minutes and Fusion Reactor around 11 minutes, making transports and fighters for the team while scaling economy normally.

Usually transports first (73%)

#eco #team support #air · 525 distinct matches · 115 players · 79% of Cortex Air games · team won 47% of 590 · Recently observed

HOW TO PLAY IT

Key timing: Aircraft Plant by 1:23

  1. Take 3 mex and open straight into Aircraft Plant.
  2. Finish Aircraft Plant, start pumping Valiant for escort duty.
  3. Get T2 constructor going to scale eco alongside air production.
  4. Add Advanced Metal Extractor to keep pace with team's economy.
  5. Bring Fusion Reactor online, keep making Hercules and Finch for allies.

Phase by phase

TYPICAL OF ITS 525 GAMES
  1. 1
  2. 2
  3. 3
PLAY THE OPENING

Follow the example game's first 6:00 step by step: what to build now, what comes next, and where it goes. At 1× it keeps pace with your own game.

  1. 1

    Up to the Aircraft Plant

    Economy
    • Metal Extractor3Mex
    • Wind Turbine4Wind
    Order
    1. Aircraft PlantAircraft Plant after 3 mex, 4 winddone ~1:21, middle half 1:13–1:34

    Some games also: energy storage (37%)

    By 1:02 in all: 3 mex · 4 wind

    The example game in this phase · 3 steps
    1. Mex ×3
    2. Wind ×5
    3. Aircraft PlantAircraft Plantdone 1:21 · typical 1:21
  2. 2

    Aircraft Plant to 5:00

    Economy
    • Metal Extractor1Mex
    • Wind Turbine9Wind
    • Wind Turbine3Wind
    Builders
    • Construction Turret2 Con turret
    • Construction Aircraft1 Con aircraft
    Army
    • Valiant5 Valiant
    • Finch2 Finch for allies
    • Hercules2 Light transport for allies
    • Shuriken1 Shuriken
    • Hephaestus1 Heavy transport for allies

    Some games also: energy storage (46%) · light transport (44%) · converter (39%) · con turret (33%)

    By 5:00 in all: 3 mex · 1 mex · 13 wind · 3 wind · 1 energy storage · 2 con turret

    The example game in this phase · 27 steps
    1. Wind
    2. FinchFinch
    3. HerculesLight transportfor Beach sea
    4. FinchFinchfor Beach sea
    5. Wind ×2
    6. HephaestusHeavy transportfor Beach sea
    7. ValiantValiant
    8. Construction AircraftCon aircraft
    9. ValiantValiant
    10. Con turret
    11. ValiantValiant
    12. FinchFinch
    13. ValiantValiant ×2
    14. Wind ×2
    15. Mex
    16. Wind ×2
    17. ValiantValiant ×3
    18. Wind
    19. Con turret
    20. ValiantValiant
    21. HerculesLight transportfor Tech
    22. Con turret
    23. Wind
    24. HerculesLight transportfor Tech
    25. ValiantValiant
    26. Wind
    27. ValiantValiant
  3. 3

    5:00 to 10:00

    Economy
    • Wind Turbine20Wind
    • Wind Turbine5Wind
    • Energy Converter6Converter
    Order
    1. Aircraft PlantAircraft Plant after 18 wind, 17 wind, 6 converterin 58% of games
    Builders
    • Construction Turret4 Con turret
    Army
    • Valiant9 Valiant
    • Shuriken1 Shuriken

    Some games also: con aircraft (36%) · fusion (32%) · light transport (31%)

    By 10:00 in all: 3 mex · 1 mex · 24 wind · 20 wind · 8 converter · 1 energy storage

    The example game in this phase · 145 steps
    1. Wind
    2. Wind
    3. Wind
    4. ThistleThistle
    5. Wind
    6. ValiantValiant
    7. HerculesLight transportfor Tech
    8. HerculesLight transport
    9. Wind
    10. ValiantValiant ×2
    11. Wind
    12. ValiantValiant
    13. Wind
    14. Wind
    15. ValiantValiant
    16. Wind
    17. Wind
    18. Energy storage
    19. Wind
    20. ValiantValiant
    21. Converter
    22. Wind ×2
    23. ValiantValiant
    24. Wind
    25. ValiantValiant
    26. Wind
    27. ShurikenShuriken
    28. Advanced Metal ExtractorT2 mexdone 8:47 · typical 6:50
    29. ShurikenShuriken
    30. Wind
    31. ValiantValiant
    32. Wind
    33. ValiantValiant
    34. Wind ×2
    35. ValiantValiant
    36. Advanced Metal ExtractorT2 mex
    37. Wind
    38. Construction AircraftCon aircraft
    39. Advanced Metal ExtractorT2 mex
    40. ValiantValiant
    41. Wind
    42. Converter
    43. ValiantValiant ×2
    44. Wind
    45. ValiantValiant ×2
    46. Wind
    47. ValiantValiant
    48. Converter
    49. ValiantValiant
    50. Wind
    51. ValiantValiant
    52. Wind
    53. ValiantValiant
    54. Wind ×2
    55. HephaestusHeavy transport
    56. Wind
    57. Wind
    58. Advanced Metal ExtractorT2 mex
    59. Wind
    60. ValiantValiant
    61. Wind ×2
    62. ValiantValiant
    63. Wind
    64. ValiantValiant
    65. Wind
    66. Construction AircraftCon aircraft
    67. Wind ×2
    68. ValiantValiant
    69. Wind
    70. Energy storage
    71. Wind
    72. ValiantValiant
    73. Wind ×2
    74. ValiantValiant
    75. Wind
    76. ValiantValiant
    77. Wind ×2
    78. ValiantValiant
    79. Con turret
    80. Wind
    81. Bot LabBot Labdone 12:26
    82. Con turret
    83. ValiantValiant
    84. Con turret
    85. Wind
    86. Con turret
    87. ValiantValiant
    88. Construction BotCon bot
    89. Con turret
    90. Wind
    91. Construction BotCon bot
    92. Con turret
    93. Wind
    94. Converter
    95. ValiantValiant
    96. Construction BotCon bot
    97. Wind
    98. ValiantValiant
    99. Con turret
    100. Construction BotCon bot
    101. ValiantValiant
    102. Converter
    103. Wind
    104. Construction BotCon bot
    105. ValiantValiant
    106. Construction BotCon bot
    107. Wind
    108. ValiantValiant
    109. Construction BotCon bot
    110. Wind
    111. ValiantValiant
    112. Construction BotCon bot
    113. ValiantValiant
    114. Wind
    115. Construction BotCon bot
    116. ValiantValiant
    117. Wind
    118. ValiantValiant ×2
    119. Wind
    120. ValiantValiant
    121. Wind
    122. ValiantValiant
    123. Wind
    124. ValiantValiant ×2
    125. Converter
    126. ValiantValiant
    127. Wind
    128. ValiantValiant ×2
    129. Wind
    130. ValiantValiant
    131. Wind
    132. ValiantValiant ×3
    133. Wind
    134. ValiantValiant
    135. Wind
    136. ValiantValiant ×2
    137. Wind
    138. ValiantValiant ×2
    139. Wind
    140. ValiantValiant ×2
    141. PawnPawn
    142. ValiantValiant
    143. Wind
    144. Con turret
    145. PawnPawn

Counts are medians over the build's games: half of them build more, half fewer. The example game is Tregan's (39 OS, 28/09/2026); pick another.

Team trades

IN AT LEAST 30% OF ITS GAMES

You hand over

  • Finch2 Finch to Geo sea or Beach seafirst at 1:51 · in 96% of games
  • Hercules3 Light transport to Tech or Geo sea or Geofirst at 2:05 · in 99% of games
  • Hephaestus1 Heavy transport to Beach sea or Pond or Techfirst at 2:25 · in 75% of games

You get

  • Wind Turbine3 Wind from Beach sea or Geo seafirst at 1:39 · in 66% of games
  • Wind Turbine3 Wind from Beach sea or Geo sea or Pondfirst at 1:44 · in 48% of games
  • Construction Bot1 Con bot from Techfirst at 2:20 · in 84% of games
  • Advanced Construction Bot1 T2 con bot from Techfirst at 6:04 · in 94% of games

How it plays out

Typical game of this build, running totals by minute

Metal produced

010k20k30k
0:005:0010:0015:00

metal

Enemy metal destroyed

01k2k3k
0:005:0010:0015:00

metal

Own metal lost

01k2k3k
0:005:0010:0015:00

metal

590 games.

Show as table
ByMetal produced: This buildEnemy metal destroyed: This buildOwn metal lost: This build
1:0039300
2:0092400
3:00145800
4:002050051
5:00276373102
6:003766125150
7:005129176219
8:007014219285
9:009298248341
10:0011788315470
11:0014397439639
12:0017105603950
13:00199438701236
14:002263713511806
15:002549320022670
WHAT THE NUMBERS SAY

This is the role's standard support job, winning less than half its games while producing little combat impact but reliably feeding transports and scouts to teammates.

  • + Reaches Aircraft Plant almost immediately (1:23), fast T2 constructor by 5:58.
  • + Keeps own losses low (2789 by 15:00) versus other roles.
  • − Destroys only 2027 enemy metal by 15:00, minimal combat contribution.
  • − Fusion Reactor only completes in 57% of games, some games stall on eco.
THE EXAMPLE YOU ARE READING

Tregan

38.7 OS · 28/09/2026

Open source match ↗

6 received units · includes a constructor
813 metal received · 35932 energy received

Allied construction assistance is unknown. Timings are observations, not a promise of solo reproducibility.

Typical milestones

Aircraft Plant1:21Middle 50%: 1:13–1:34 · n=590
Advanced Metal Extractor6:50Middle 50%: 6:22–7:27 · n=566
Fusion Reactor10:55Middle 50%: 10:03–12:16 · n=355

Played most by

DRM36games of this buildAdeus32games of this buildCentientWaffle32games of this buildImmort25games of this buildNutzz25games of this build